[ AOE2 MATCH · #506218827 ]
UnrankedEthiopians vs Cumans
Player's team · LOSS
Rival team · WIN
[ REPLAY ANALYSIS · EXTRACTED FROM THE RECORDED GAME ]
Feudal
8:51
Castle
—
Imperial
—
| APM avg | 58.1 |
| APM peak | 100 |
| eAPM avg | 19.0 |
| Villagers / military | 37 / 24 |
Focus
⚔️ 32.0% · 🌾 68.0%
Archer ×24
Feudal
8:53
Castle
—
Imperial
—
| APM avg | 63.0 |
| APM peak | 127 |
| eAPM avg | 26.2 |
| Villagers / military | 49 / 3 |
Focus
⚔️ 25.6% · 🌾 74.4%
Battering Ram ×3
Match map
Initial resources + every placement click. Lines = walls · curves = elevation contours. ◆ gold · ⬟ stone · ● berries · ✦ relic · ◌ wall gap
Your base· Open — 2t gap
Thomas Sankara's base· Open — 10t gap
Smoothed initial terrain · ◌ = detected wall gap · hover for details
Inputs per minute
— rubatubdubs - - Thomas Sankara
Build order — rubatubdubs
95 actions detected in the replay
| 0:01 | Create | Villager (Male) |
| 0:02 | Build | House |
| 0:05 | Build | House |
| 0:13 | Create | Villager (Male) |
| 0:18 | Create | Villager (Male) |
| 0:30 | Create | Villager (Male) |
| 1:27 | Create | Villager (Male) |
| 1:44 | Build | Lumber Camp |
| 1:49 | Create | Villager (Male) |
| 2:22 | Create | Villager (Male) |
| 2:40 | Create | Villager (Male) |
| 2:57 | Create | Villager (Male) |
| 3:27 | Build | House |
| 3:32 | Create | Villager (Male) |
| 4:02 | Create | Villager (Male) |
| 4:27 | Create | Villager (Male) |
| 4:33 | Create | Villager (Male) |
| 4:40 | Research | Loom |
| 4:47 | Build | Mining Camp |
| 5:04 | Create | Villager (Male) |
| 5:05 | Create | Villager (Male) |
| 5:52 | Create | Villager (Male) |
| 6:35 | Research | Feudal Age |
| 7:43 | Build | Barracks |
| 8:27 | Build | House |
| 8:33 | Create | Villager (Male) |
| 8:51 | Age | Feudal Age |
| 8:59 | Build | Archery Range |
| 9:18 | Create | Villager (Male) |
| 9:24 | Build | Archery Range |
| 9:25 | Create | Villager (Male) |
| 9:33 | Create | Villager (Male) |
| 9:39 | Build | House |
| 9:54 | Create | Archer |
| 10:01 | Create | Archer |
| 10:08 | Create | Archer |
| 10:08 | Create | Archer |
| 10:14 | Create | Archer |
| 10:19 | Build | Mining Camp |
| 10:19 | Create | Villager (Male) |
| 10:36 | Create | Villager (Male) |
| 10:38 | Create | Villager (Male) |
| 10:46 | Create | Villager (Male) |
| 10:50 | Create | Archer |
| 10:58 | Create | Archer |
| 11:03 | Build | Blacksmith |
| 11:10 | Research | Double-Bit Axe |
| 11:26 | Build | Watch Tower |
| 11:44 | Build | Watch Tower |
| 11:48 | Create | Villager (Male) |
| 11:50 | Build | House |
| 11:51 | Build | House |
| 11:53 | Create | Villager (Male) |
| 11:58 | Build | House |
| 12:02 | Research | Fletching |
| 12:22 | Create | Villager (Male) |
| 12:32 | Build | Palisade Wall |
| 12:38 | Create | Archer |
| 12:38 | Create | Archer |
| 13:01 | Create | Villager (Male) |
| 13:02 | Create | Archer |
| 13:09 | Build | Mining Camp |
| 13:11 | Create | Archer |
| 13:31 | Create | Villager (Male) |
| 13:34 | Create | Villager (Male) |
| 14:02 | Build | Mill |
| 14:03 | Create | Villager (Male) |
| 14:12 | Create | Archer |
| 14:12 | Create | Archer |
| 14:13 | Create | Archer |
| 14:27 | Create | Villager (Male) |
| 14:42 | Build | Farm |
| 14:42 | Build | Farm |
| 14:42 | Build | Farm |
| 14:42 | Build | Farm |
| 14:43 | Build | Farm |
| 14:43 | Build | Farm |
| 14:53 | Build | Market |
| 14:58 | Create | Archer |
| 14:58 | Create | Archer |
| 15:01 | Create | Villager (Male) |
| 15:02 | Create | Archer |
| 15:21 | Create | Villager (Male) |
| 15:27 | Create | Archer |
| 15:44 | Create | Archer |
| 15:45 | Create | Archer |
| 15:50 | Create | Villager (Male) |
| 15:56 | Create | Archer |
| 15:56 | Create | Archer |
| 16:37 | Create | Villager (Male) |
| 16:52 | Create | Villager (Male) |
| 16:52 | Create | Archer |
| 16:56 | Create | Archer |
| 18:09 | Build | Lumber Camp |
| 18:15 | Research | Castle Age |
Build order — Thomas Sankara
88 actions detected in the replay
| 0:00 | Create | Villager (Male) |
| 0:01 | Build | House |
| 0:03 | Build | House |
| 0:06 | Create | Villager (Male) |
| 0:06 | Create | Villager (Male) |
| 0:06 | Create | Villager (Male) |
| 1:14 | Create | Villager (Male) |
| 1:14 | Create | Villager (Male) |
| 1:47 | Create | Villager (Male) |
| 1:47 | Create | Villager (Male) |
| 2:26 | Create | Villager (Male) |
| 2:27 | Create | Villager (Male) |
| 2:37 | Build | Lumber Camp |
| 2:49 | Create | Villager (Male) |
| 2:57 | Create | Villager (Male) |
| 3:48 | Create | Villager (Male) |
| 3:48 | Create | Villager (Male) |
| 3:55 | Build | House |
| 3:59 | Create | Villager (Male) |
| 3:59 | Create | Villager (Male) |
| 4:09 | Create | Villager (Male) |
| 4:33 | Create | Villager (Male) |
| 4:56 | Create | Villager (Male) |
| 5:13 | Build | Mining Camp |
| 5:20 | Build | Palisade Wall |
| 5:21 | Build | Palisade Wall |
| 6:03 | Research | Loom |
| 6:43 | Research | Feudal Age |
| 7:49 | Create | Villager (Male) |
| 8:53 | Age | Feudal Age |
| 9:01 | Build | House |
| 9:03 | Create | Villager (Male) |
| 9:11 | Build | House |
| 9:16 | Build | House |
| 9:28 | Build | Town Center |
| 9:33 | Create | Villager (Male) |
| 9:56 | Build | Palisade Wall |
| 10:00 | Build | Palisade Wall |
| 10:02 | Build | Palisade Wall |
| 10:03 | Build | Palisade Wall |
| 10:07 | Build | Palisade Wall |
| 10:11 | Build | Palisade Wall |
| 10:22 | Create | Villager (Male) |
| 10:53 | Build | House |
| 11:07 | Create | Villager (Male) |
| 11:24 | Build | Watch Tower |
| 11:27 | Create | Villager (Male) |
| 11:30 | Build | Watch Tower |
| 11:39 | Build | Watch Tower |
| 11:54 | Create | Villager (Male) |
| 11:54 | Create | Villager (Male) |
| 12:13 | Build | Blacksmith |
| 12:44 | Create | Villager (Male) |
| 12:44 | Create | Villager (Male) |
| 13:07 | Build | Siege Workshop |
| 13:09 | Create | Villager (Male) |
| 13:10 | Create | Villager (Male) |
| 13:38 | Create | Villager (Male) |
| 13:38 | Create | Villager (Male) |
| 14:07 | Create | Villager (Male) |
| 14:16 | Build | Mining Camp |
| 14:20 | Create | Villager (Male) |
| 14:20 | Create | Villager (Male) |
| 14:32 | Create | Battering Ram |
| 14:39 | Create | Villager (Male) |
| 14:39 | Create | Villager (Male) |
| 14:44 | Create | Villager (Male) |
| 15:03 | Build | Watch Tower |
| 15:11 | Build | Palisade Wall |
| 15:12 | Build | Palisade Wall |
| 15:18 | Create | Villager (Male) |
| 15:18 | Create | Villager (Male) |
| 15:37 | Research | Fletching |
| 16:47 | Create | Villager (Male) |
| 16:49 | Build | Watch Tower |
| 17:08 | Create | Battering Ram |
| 17:30 | Create | Villager (Male) |
| 17:31 | Create | Villager (Male) |
| 17:46 | Build | House |
| 17:55 | Build | House |
| 18:03 | Build | Watch Tower |
| 18:20 | Create | Battering Ram |
| 19:01 | Create | Villager (Male) |
| 19:01 | Create | Villager (Male) |
| 19:25 | Create | Villager (Male) |
| 19:25 | Create | Villager (Male) |
| 19:41 | Build | Mill |
| 19:43 | Create | Villager (Male) |
Match timeline
| 5:20 | Thomas Sankara · wall_segment Palisade Wall x1 |
| 5:21 | Thomas Sankara · wall_segment Palisade Wall x1 |
| 7:43 | rubatubdubs · first_building Barracks |
| 8:51 | rubatubdubs · age_up feudal |
| 8:53 | Thomas Sankara · age_up feudal |
| 8:59 | rubatubdubs · first_building Archery Range |
| 9:56 | Thomas Sankara · wall_segment Palisade Wall x1 |
| 10:00 | Thomas Sankara · wall_segment Palisade Wall x1 |
| 10:02 | Thomas Sankara · wall_segment Palisade Wall x1 |
| 10:03 | Thomas Sankara · wall_segment Palisade Wall x1 |
| 10:07 | Thomas Sankara · wall_segment Palisade Wall x1 |
| 10:11 | Thomas Sankara · wall_segment Palisade Wall x1 |
| 12:32 | rubatubdubs · wall_segment Palisade Wall x1 |
| 13:07 | Thomas Sankara · first_building Siege Workshop |
| 15:11 | Thomas Sankara · wall_segment Palisade Wall x1 |
| 15:12 | Thomas Sankara · wall_segment Palisade Wall x1 |
| 17:11 | rubatubdubs · first_market_sell 500 wood |
| 17:12 | rubatubdubs · first_market_buy 500 food |
| 19:43 | rubatubdubs · resign |
[ AI ANALYSIS · 1 CREDIT ]
What really happened in this match?
Wolo.gg analyzes every decision: build order, eco, micro, common mistakes by bracket. Personalized analysis on WhatsApp or Discord in 30 seconds.
Civ guide
Ethiopians
Perfil
Jugador #4444859